 Dungeon Sprint DCSS version 0.31-a0-876-gfe8ebadbca (webtiles) character file.

Game seed: 6745677126695545027

3 sircluck the Ruffian (level 1, 0/22 HPs)
             Began as a Troll Berserker on Oct 13, 2023.
             Was a Believer of Trog.
             Slain by a human (2 damage)
             ... while petrified by Crazy Yiuf
             ... in the Dungeon (Sprint III: "The Ten Rune Challenge").
             The game lasted 00:00:07 (57 turns).

sircluck the Ruffian (Troll Berserker)                Turns: 57, Time: 00:00:08

Health: 0/22       AC:  4    Str: 24    XL:     1   Next: 41%
Magic:  0/0        EV:  1    Int:  3    God:    Trog [**....]
Gold:   10         SH:  0    Dex:  9    Spells: 0/0 levels left

rFire   . .          .
                       - Unarmed
rCold   . . .        (no shield)
rNeg    + + +        a - +0 animal skin
rPois   ∞            (helmet restricted)
rElec   .            (no cloak)
rCorr   .            (gloves unavailable)
SInv    .            (boots unavailable)
Will    .....        (no amulet)
Stlth   +            (no ring)
HPRegen 1.03/turn    (no ring)
MPRegen 0.07/turn

%: no teleportation
@: lethally poisoned (0 -> 0), petrified
A: large, unfitting armour, claws 3, regeneration 1, shaggy fur 1, tough skin 1
a: Renounce Religion, Berserk, Trog's Hand


You were in the Dungeon.
You worshipped Trog.
Trog was pleased with you.
You visited 1 branch You collected 10 gold pieces.

Inventory:

Armour
 a - a +0 animal skin (worn)
Scrolls
 g - a scroll of blinking
 h - a scroll of vulnerability {unknown}
Potions
 b - a potion of curing
 c - a potion of heal wounds
 d - a potion of haste
 e - 2 potions of magic
 f - a potion of berserk rage


   Skills:
 + Level 2.8 Fighting
 + Level 2.8 Dodging
 + Level 3.4 Unarmed Combat


You couldn't memorise any spells.
You didn't know any spells.
Your spell library was empty.

Dungeon Overview and Level Annotations

Branches:
Dungeon (1/1)

Altars:

Annotations:
D Crazy Yiuf


Innate Abilities, Weirdness & Mutations

You are too large for most types of armour.
You have claws for hands.
Your natural rate of healing is unusually fast.
You are covered in fur. (AC +1)
You have tough skin. (AC +1)


Message History

You scratch the rat.
You kill the rat!
Trog accepts your kill.
No target in view!
No target in view!
No target in view!
No target in view!
No target in view!
No target in view!
No target in view!
A human comes into view.
A human is nearby!
Crazy Yiuf the Enlightened comes into view.
He is wielding a +3 quarterstaff of chaos.
The human shouts!
Crazy Yiuf shouts!
Crazy Yiuf barely misses you.
You scratch Crazy Yiuf.
Crazy Yiuf is lightly wounded.
Crazy Yiuf hits you with a +3 quarterstaff of chaos!
Ouch! That really hurt!
You are slowing down.
Unknown command.
Unknown command.
You claw Crazy Yiuf!
Crazy Yiuf is almost dead.
The human hits you.
Crazy Yiuf hits you with a +3 quarterstaff of chaos!
Crazy Yiuf freezes you.
* * * LOW HITPOINT WARNING * * *
Your limbs are stiffening.
You scratch Crazy Yiuf.
Crazy Yiuf is almost dead.
The human hits you but does no damage.
Crazy Yiuf hits you with a +3 quarterstaff of chaos!
* * * LOW HITPOINT WARNING * * *
You are lethally poisoned!
Crazy Yiuf barely misses you. The human hits you.
* * * LOW HITPOINT WARNING * * *
You have turned to stone.
The human hits you.
You die...

▓...#......##
▓..##.......# ..#
▓##.##.##...# ..#
##.##.###..# #..#
▓#.####.##..# ...+
▓.###..##..## #...#
▓#..†..##..###....#
###..##...##p....#
##..##....#.@g...#
#..###..##.#.....#
#..# #.. ####....#
▓▓▓▓ ▓▓▓ ▓▓▓▓▓


You could see a human and Crazy Yiuf.

Vanquished Creatures
  An endoplasm (D)
  3 rats (D)
4 creatures vanquished.

Notes
Turn   | Place    | Note
-------+----------+-------------------------------------------
     0 | D        | sircluck the Troll Berserker began the quest for the Orb.
     0 | D        | Reached XP level 1. HP: 22/22 MP: 0/0
    35 | D        | Reached ** piety under Trog
    52 | D        | Noticed Crazy Yiuf
    56 | D        | HP: 1/22 [human (3)]
    57 | D        | Slain by a human

Illustrated notes

Levels and vault maps discovered:
D:        dungeon_sprint_mu [sprint_mu_entry_cave, sprint_mu_temple_rooms,
          sprint_mu_d1_spiders, sprint_mu_d2_genie, sprint_mu_d3_branching,
          sprint_mu_orc_legion, sprint_mu_elf_gauntlet, sprint_mu_hive_nellie,
          sprint_mu_lair_fedhas, sprint_mu_vaults_butterflies,
          sprint_mu_slime_circle, sprint_mu_swamp_cave, sprint_mu_snake_twists,
          sprint_mu_blade_basic, sprint_mu_crypt_lich, sprint_mu_tomb_spiral,
          sprint_mu_vestibule_basic, sprint_mu_gehenna_hellfire,
          sprint_mu_dis_giant, sprint_mu_tartarus_statrot,
          sprint_mu_cocytus_islands, sprint_mu_zot1]

Action                     || total
---------------------------++-------
  Melee: Unarmed           ||    11
 Armour: Animal skin       ||     9
  Dodge: Dodged            ||     5

Table legend: (Time is in decaauts)
 A = Elapsed time spent in this place.
 B = Non-inter-level travel time spent in this place.
 C = Inter-level travel time spent in this place.
 D = Time resting spent in this place.
 E = Time spent auto-exploring this place.
 F = Levels seen in this place.
 G = Mean time per level.
                   A        B        C        D        E       F      G
               +--------+--------+--------+--------+--------+-----+--------+
         Total |     57 |     57 |      0 |      0 |     31 |   1 |   57.0 |
       Dungeon |     57 |     57 |      0 |      0 |     31 |   1 |   57.0 |
               +--------+--------+--------+--------+--------+-----+--------+

Top non-repeatable levels by time:
       D: 57 daAuts
